Map: Ulrena

Players

Jhyrachy - Winner!

  • Race: Zerg Zerg
  • League: Gold

Yoloswag

  • Race: Protoss Protoss
  • League: Gold

VOD

Have the link to the VOD?

Description

Time

  • Played on: May 20, 2016, 3:37 p.m.
  • Length: 13:50
Show
View Real Time Build Order
Export as new Build Order

Jhyrachy Zerg - Winner!

Build Orders: Pool First, Lurkers 

Get SALT Encoding   

  12  0:01  Drone  
  13  0:08  Drone  
  14  0:17  Overlord  
  14  0:35  Drone x2  
  15  0:36  Drone  
  17  0:48  Drone  
  18  1:03  Spawning Pool  
  17  1:16  Hatchery  
  17  1:18  Drone x2  
  18  1:38  Extractor  
  17  1:42  Overlord  
  17  1:58  Drone x3  
  20  2:05  Hatchery, Queen  
  21  2:24  Zergling x4  
  21  2:29  Queen  
  25  2:31  Drone  
  25  2:32  Drone  
  27  2:43  Lair  
  27  2:48  Extractor  
  27  2:49  Drone x2  
  28  3:04  Drone x4  
  31  3:30  Drone  
  31  3:31  Drone  
  31  3:32  Drone x4  
  31  3:33  Drone  
  38  3:36  Extractor  
  38  3:37  Queen  
  38  3:39  Extractor  
  38  3:41  Queen  
  40  3:49  Pneumatized Carapace  
  40  4:00  Spore Crawler  
  40  4:01  Hydralisk Den  
  38  4:05  Spore Crawler  
  37  4:21  Queen  
  39  4:32  Drone  
  39  4:33  Drone  
  39  4:34  Overlord x4  
  41  4:38  Overseer  
  41  4:43  Lurker Den  
  41  5:25  Hydralisk  
  41  5:26  Hydralisk x6  
  55  6:11  Lurker x2  
  55  6:12  Lurker x5  
  62  6:19  Drone  
  62  6:20  Drone x2  
  62  6:21  Drone x5  
  62  6:22  Drone x3  
  62  6:24  Overlord  
  62  6:25  Overlord  
  73  6:35  Overseer  
  73  6:43  Drone x2  
  73  6:46  Drone x5  
  73  6:47  Drone x2  
  82  6:54  Muscular Augments  
  82  7:14  Evolution Chamber  
  81  7:16  Evolution Chamber  
  80  8:06  Hydralisk  
  80  8:07  Hydralisk x3  
  80  8:10  Overlord x3  
  88  8:18  Spore Crawler  
  87  8:22  Zerg Ground Armor Level 1, Zerg Missile Weapons Level 1  
  86  8:37  Hydralisk  
  86  8:38  Hydralisk x12  
  86  8:41  Overlord x2  
  112  9:04  Spire  
  111  9:17  Extractor  
  111  9:18  Drone x3  
  111  9:19  Extractor, Drone x2  
  111  9:20  Drone  
  115  9:38  Hatchery  
  114  9:54  Queen x2  
  109  10:28  Corruptor x10  
  109  10:34  Zerg Missile Weapons Level 2, Zerg Ground Armor Level 2  
  129  10:37  Drone  
  129  10:39  Overlord x4  
  130  10:55  Zerg Flyer Weapons Level 1  
  114  12:51  Mutalisk  
  114  12:52  Mutalisk x19  
Show
View Real Time Build Order
Export as new Build Order

Yoloswag Protoss 

Build Orders: 1 Gate Expand, Double Forge 

Get SALT Encoding   

  12  0:01  Probe (Chrono Boost)  
  13  0:12  Probe (Chrono Boost)  
  14  0:18  Pylon  
  14  0:23  Probe (Chrono Boost)  
  15  0:37  Probe (Chrono Boost)  
  15  0:42  Gateway  
  16  0:47  Probe (Chrono Boost)  
  17  0:53  Assimilator  
  17  0:58  Probe (Chrono Boost)  
  18  1:20  Nexus  
  18  1:23  Probe (Chrono Boost)  
  19  1:33  Cybernetics Core  
  19  1:40  Zealot  
  19  1:43  Probe (Chrono Boost)  
  22  1:50  Assimilator  
  22  1:56  Pylon  
  22  2:06  Probe (Chrono Boost)  
  23  2:09  Warp Gate  
  23  2:16  Probe (Chrono Boost)  
  24  2:27  Mothership Core (Chrono Boost)  
  26  2:32  Probe (Chrono Boost)  
  26  2:34  Stalker (Chrono Boost)  
  29  2:42  Probe (Chrono Boost)  
  30  2:45  Probe (Chrono Boost)  
  30  2:50  Pylon  
  31  2:53  Probe (Chrono Boost)  
  31  2:56  Probe (Chrono Boost)  
  33  3:01  Probe (Chrono Boost)  
  33  3:04  Stalker (Chrono Boost)  
  36  3:07  Gateway  
  36  3:19  Probe  
  36  3:27  Probe  
  36  3:30  Stalker (Chrono Boost)  
  39  3:38  Probe, Robotics Facility  
  40  3:55  Gateway  
  42  3:57  Zealot (Chrono Boost)  
  42  3:59  Stalker (Chrono Boost)  
  42  4:01  Assimilator  
  44  4:03  Assimilator  
  44  4:06  Probe  
  44  4:07  Probe  
  46  4:17  Probe  
  46  4:18  Probe  
  48  4:31  Stalker  
  50  4:35  Immortal (Chrono Boost)  
  54  4:39  Pylon  
  54  4:44  Forge  
  54  4:46  Pylon  
  54  4:59  Forge  
  54  5:00  Pylon  
  54  5:05  Robotics Bay  
  54  5:10  Zealot, Stalker x2  
  60  5:24  Protoss Ground Weapons Level 1  
  60  5:27  Immortal (Chrono Boost)  
  64  5:32  Stalker  
  66  5:44  Stalker  
  66  5:45  Zealot  
  70  5:55  Probe  
  70  6:00  Probe  
  72  6:06  Probe  
  73  6:12  Probe  
  73  6:16  Probe, Pylon  
  75  6:18  Pylon  
  75  6:24  Zealot  
  77  6:27  Probe  
  77  6:30  Pylon  
  78  6:34  Colossus (Chrono Boost), Photon Cannon  
  78  6:37  Photon Cannon  
  84  6:40  Photon Cannon  
  84  6:42  Photon Cannon  
  84  6:45  Extended Thermal Lance (Chrono Boost)  
  84  7:02  Zealot  
  84  7:03  Zealot x2  
  84  7:04  Probe  
  91  7:09  Probe  
  91  7:15  Probe  
  92  7:20  Colossus  
  99  7:26  Photon Cannon  
  99  7:36  Stalker  
  101  7:43  Pylon  
  101  7:48  Pylon  
  101  7:49  Photon Cannon  
  101  7:55  Photon Cannon  
  101  8:02  Sentry x2  
  105  8:11  Protoss Ground Armor Level 1  
  105  8:13  Zealot  
  107  8:38  Observer (Chrono Boost)  
  107  8:41  Stalker x3  
  112  9:05  Pylon  
  116  9:10  Immortal (Chrono Boost)  
  116  9:11  Assimilator, Pylon  
  116  9:12  Assimilator  
  116  9:15  Pylon  
  115  9:24  Stalker x3  
  121  9:32  Probe  
  121  9:33  Twilight Council  
  122  9:44  Immortal (Chrono Boost)  
  126  9:48  Robotics Facility  
  69  10:26  Stalker x3  
  71  10:30  Colossus (Chrono Boost)  
  77  10:38  Robotics Facility  
  77  10:40  Robotics Facility  
  77  10:48  Observer (Chrono Boost)  
  78  10:55  Nexus  
  78  11:01  Zealot x3  
  78  11:03  Protoss Ground Weapons Level 2  
  84  11:09  Forge  
  72  11:30  Colossus (Chrono Boost)  
  84  11:37  Colossus (Chrono Boost)  
  84  11:44  Stalker x2  
  84  11:45  Stalker  
  94  11:54  Immortal (Chrono Boost)  
  98  12:12  Immortal (Chrono Boost)  
  98  12:17  Observer (Chrono Boost)  
  66  12:42  Stalker  
  66  12:43  Stalker  
  66  12:44  Stalker  
  66  13:00  Gateway  
  66  13:02  Gateway  
  66  13:04  Gateway  
  63  13:19  Stalker  
  59  13:20  Stalker x2  
Tags
 
Add a new tag
Caveats
  • Supply blocks, unpowered buildings, or Contaminate may cause inaccurate times.
  • Supply counts are checked every 10 seconds.